 Dungeon Crawl Stone Soup version 0.22-a0-825-ga28c36f (webtiles) character file.

26 theanonym the Caller (level 2, 0/19 HPs)
             Began as a Mummy Summoner on July 24, 2018.
             Slain by a jackal (1 damage)
             ... on level 1 of the Dungeon.
             The game lasted 00:02:37 (2429 turns).

theanonym the Caller (Mummy Summoner)               Turns: 2429, Time: 00:02:38

Health: 0/19       AC:  2    Str: 11    XL:     2   Next: 89%
Magic:  4/6        EV: 12    Int: 14    God:
Gold:   113        SH:  0    Dex: 12    Spells: 6/7 levels left

rFire    x . .     SeeInvis .   g - -3 spear (curse)
rCold    + . .     Gourm    .   (no shield)
rNeg     + + +     Faith    .   b - +0 robe
rPois    ∞         Spirit   .   (no helmet)
rElec    .         Reflect  .   (no cloak)
rCorr    .         Harm     .   (no gloves)
MR       .....                  (no boots)
Stlth    ++........             (no amulet)
HPRegen  0.06/turn              (no ring)
MPRegen  0.10/turn              (no ring)

@: no status effects
A: no food or potions, fire vulnerability, cold resistance 1, negative energy
resistance 3, torment resistance, unbreathing
a: no special abilities


Innate Abilities, Weirdness & Mutations

You do not eat or drink.
Your flesh is vulnerable to fire.
You are immune to poison.
Your flesh is cold resistant. (rC+)
You are immune to negative energy. (rN+++)
You are immune to unholy pain and torment.
You can survive without breathing.


   Skills:
 - Level 1.5 Dodging
 - Level 1.5 Stealth
 + Level 3.2 Spellcasting
 * Level 3.8 Summonings


You had 6 spell levels left.
You knew the following spells:

 Your Spells              Type           Power        Failure   Level  Hunger
a - Summon Small Mammal   Summ           ##..         4%          1    N/A

Your spell library contained the following spells:

 Spells                   Type           Power        Failure   Level  Hunger
 Summon Ice Beast         Ice/Summ       #.......     67%         4    N/A
 Call Imp                 Summ           ##......     6%          2    N/A
 Call Canine Familiar     Summ           ##......     13%         3    N/A
 Summon Lightning Spire   Summ/Air       #.......     67%         4    N/A
 Summon Guardian Golem    Hex/Summ       #.......     28%         3    N/A

Skill      XL: |  1 |
---------------+----+-----
Spellcasting   | 3 |  3.2
Dodging        | |  1.5
Stealth        | |  1.5
Summonings     | |  3.8

Action                   || total
-------------------------++-------
Melee: Short sword       ||    96
       Unarmed           ||     4
       Spear             ||     3
 Cast: Summon Small Mamm ||    23
  Use: Scroll            ||     4
 Stab: Sleeping          ||     1
Armor: Robe              ||    39
Dodge: Dodged            ||   114

Inventory:

Hand Weapons
 a - a +0 short sword
   (You took it off a kobold on level 1 of the Dungeon)
 g - a cursed -3 spear (weapon)
   (You found it on level 2 of the Dungeon)
Armour
 b - a +0 robe (worn)
Scrolls
 d - a scroll of amnesia


You were on level 1 of the Dungeon.
You were not hungry.

You visited 1 branch of the dungeon, and saw 2 of its levels.

You collected 113 gold pieces.

Dungeon Overview and Level Annotations

Branches:
Dungeon (2/15)

Altars:
Nemelex Xobeh

#.##.# #..(. #.##.# #....
#.##.# #############....
#.##.# #................
#.##.# #.##############.
#.##.# #.# #...... #.##.#
#r#########'####.
#†##.####h##.........# #.
#.##...r@>##.........# #.
#.##########.........# #.
#.# #...........## #.
#.#######.##!...##### #.
#.#....##.##....# #.
#.#.##....##....# #.
#.#.####################.
#.#......................
#.################..#####


You could see a jackal and 2 friendly rats.

Notes
Turn   | Place    | Note
-------+----------+-------------------------------------------
     0 | D:1      | theanonym the Mummy Summoner began the quest for the Orb.
     0 | D:1      | Reached XP level 1. HP: 13/13 MP: 4/4
   298 | D:1      | Reached skill level 3 in Spellcasting
   333 | D:1      | HP: 3/13 [hobgoblin (5)]
   334 | D:1      | Reached XP level 2. HP: 4/19 MP: 6/6
  1525 | D:1      | HP: 9/19 [giant cockroach (1)]
  1937 | D:1      | HP: 9/19 [hobgoblin (5)]
  1980 | D:1      | HP: 8/19 [hobgoblin (1)]
  2411 | D:2      | Found a sparkling altar of Nemelex Xobeh.
  2427 | D:1      | HP: 6/19 [kobold (4)]
  2428 | D:1      | HP: 1/19 [jackal (3)]
  2429 | D:1      | Slain by a jackal

Vanquished Creatures
  2 giant cockroaches
  2 hobgoblins (D:1)
  4 jackals (D:1)
  5 bats
  2 frilled lizards (D:1)
  3 kobolds (D:1)
  4 rats (D:1)
22 creatures vanquished.

Vanquished Creatures (collateral kills)
  A giant cockroach (D:1)
  A hobgoblin (D:1)
  A jackal (D:1)
  A kobold (D:1)
4 creatures vanquished.

Grand Total: 26 creatures vanquished

Table legend:
 A = Turns spent in this place as a percentage of turns spent in the entire game.
 B = Non-inter-level travel turns spent in this place as a percentage of non-inter-level travel turns spent in the entire game.
 C = Inter-level travel turns spent in this place as a percentage of turns spent in this place.
 D = Turns resting spent in this place as a percentage of non-inter-level travel turns spent in this place.
 E = Turns spent auto-exploring this place as a percentage of non-inter-level travel turns spent in this place.
 F = Non-inter-level travel turns spent in this place divided by the number of levels of this place that you've seen.
                   A       B       C       D       E      F
               +-------+-------+-------+-------+-------+----------------------
         Total | 100.0 | 100.0 |   5.4 |  51.5 |  36.5 | 1149.0
       Dungeon | 100.0 | 100.0 |   5.4 |  51.5 |  36.5 | 1149.0
               +-------+-------+-------+-------+-------+----------------------
